 Dungeon Crawl Stone Soup version 0.31.0-4-g52a2dc7128 (console) character file.

Game seed: 12200862696339865621

224 AlterAsc the Trooper (level 5, -3/36 (43) HPs)
             Began as a Demonspawn Fighter on Jan 22, 2024.
             Slain by a burial acolyte
             ... wielding a +2 dagger of electrocution
              (12 damage)
             ... on level 7 of the Dungeon.
             The game lasted 00:06:46 (1998 turns).

AlterAsc the Trooper (Demonspawn Fighter)           Turns: 1998, Time: 00:06:46

HP:   -3/36 (43)    AC: 10    Str: 18    XL:     5   Next: 67%
MP:   5/5           EV:  9    Int:  9    God:
Gold: 85            SH:  5    Dex: 18    Spells: 4/4 levels left

rFire   . . .        a - +0 war axe
rCold   . . .        c - +0 buckler
rNeg    . . .        b - +0 scale mail
rPois   .            t - +2 helmet
rElec   .            (no cloak)
rCorr   .            (no gloves)
SInv    .            (no boots)
Will    .....        (no amulet) Stlth
                     j - +6 ring of dexterity
HPRegen 0.26/turn    (no ring)
MPRegen 0.18/turn

%: no passive effects
@: heavily drained
A: magic regeneration, demonic magic 1, weakness stinger 1
a: no special abilities


You were on level 7 of the Dungeon.
You visited 1 branch of the dungeon, and saw 6 of its levels.

You collected 85 gold pieces.

Inventory:

Hand Weapons
 a - a +0 war axe (weapon)
 r - a +2 dagger of venom
 s - a +2 short sword of speed
 v - a +5 falchion
Armour
 b - a +0 scale mail (worn)
 c - a +0 buckler (worn)
 t - a +2 helmet (worn)
 u - a +0 cloak
Jewellery
 j - a +6 ring of dexterity (left hand)
Scrolls
 f - a scroll of identify
 h - a scroll of silence {unknown}
 i - a scroll of teleportation {unknown}
 k - a scroll of amnesia {unknown}
 n - a scroll of fog {unknown}
Potions
 d - a potion of might
 g - a potion of enlightenment {unknown}
 l - a potion of attraction {unknown}
 m - 2 potions of cancellation {unknown}
 o - a potion of curing {unknown}
 p - a potion of berserk rage {unknown}
 q - a potion of heal wounds {unknown}


   Skills:
 * Level 4.6 Fighting
 + Level 3.0 Axes
 + Level 3.6 Armour
 - Level 1.0 Dodging
 - Level 3.0 Shields


You had 4 spell levels left.
You didn't know any spells.
Your spell library contained the following spells:

 Spells                   Type           Power      Damage    Failure   Level
 Magic Dart               Conj           0%         1d3       85%         1
 Blink                    Tloc           0%         N/A       94%         2
 Call Imp                 Summ           0%         N/A       94%         2
 Static Discharge         Conj/Air       0%         3-3/arc   94%         2
 Frozen Ramparts          Ice            0%         1d1       99%         3
 Airstrike                Air            0%         2d(0-16)  100%        4
 Leda's Liquefaction      Alch/Erth      0%         N/A       100%        4
 Petrify                  Alch/Erth      0%         N/A       100%        4
 Summon Lightning Spire   Summ/Air       0%         N/A       100%        4
 Metabolic Englaciation   Hex/Ice        0%         N/A       100%        5


Dungeon Overview and Level Annotations

Branches:
Dungeon (8/15)
 Temple: D:4-7         Lair: D:8-11

Altars:

Shops:
D:2 !   D:7 !

Annotations:
D:8 Pikel


Innate Abilities, Weirdness & Mutations

You regenerate magic rapidly.
Spells you cast may paralyse adjacent enemies.
You have a small tail.


Message History

Blink to where?
Press: ? - help, Dir - move target
As you read the scroll of blinking, it crumbles to dust.
A howler monkey comes into view.
The howler monkey howls!
You hear a howl!
The howler monkey hoots and howls with incredible vigour!
You hear a howl!
You hear a shout! x3; You hear a bellow!
There is a stone staircase leading down here.
You climb downwards.
Found a stone staircase leading down.
There is a stone staircase leading up here.
A wight is nearby!
A wight is nearby!
Pikel and a lemure come into view.
Pikel is wielding a +2 whip of electrocution.
Found 5 poisoned darts.
The lemure shouts!
You hear a shout! x3
Pikel says, "You'll rot in Tartarus!"
A lemure comes into view.
There is a stone staircase leading up here.
You climb upwards.
The howler monkey hoots and howls with incredible vigour!
An ogre comes into view. It is wielding a +0 giant spiked club.
You hear a shout!
You hear a bellow!
There is a stone staircase leading down here.
Blink to where?
Press: ? - help, Dir - move target
As you read the scroll of blinking, it crumbles to dust.
A burial acolyte comes into view.
It is wielding a +2 dagger of electrocution.
You hit the burial acolyte.
Your tail-slap misses the burial acolyte.
The burial acolyte is lightly wounded.
The burial acolyte utters a dark prayer and points at you.
Your life force is offered up.
* * * LOW HITPOINT WARNING * * *
The burial acolyte is healed.
The burial acolyte hits you with a +2 dagger of electrocution.
* * * LOW HITPOINT WARNING * * *
You are electrocuted!
You die...

##.§####[...#
#...#..<.#..#
.h...Y..##....#
.h.##.#z##
#.∩.## ..
#.#..##.....# .
#.##.#..##..# ..
#...##...### O
##.........#
...#..h......#
#...........#
..........@...#
...#.......p...#
#...########...#
..#. .### # .#
.# ##


You could see a burial acolyte and a howler monkey.

Vanquished Creatures
  A wight (D:7)
  An orc priest (D:7)
  Jessica (D:3)
  An orc wizard (D:7)
  Robin (D:3)
  An adder (D:2)
  A dart slug (D:2)
  6 orcs
  2 ball pythons
  7 bats
  6 endoplasms
  3 giant cockroaches
  17 goblins
  6 hobgoblins
  2 quokkas (D:2)
  3 frilled lizards
  A rat (D:1)
60 creatures vanquished.

Notes
Turn   | Place    | Note
-------+----------+-------------------------------------------
     0 | D:1      | AlterAsc the Demonspawn Fighter began the quest for the
                  | Orb.
     0 | D:1      | Reached XP level 1. HP: 18/18 MP: 1/1
   109 | D:1      | Gained mutation: You have a small tail. [demonic ancestry]
   109 | D:1      | Reached XP level 2. HP: 24/24 MP: 2/2
   542 | D:2      | Found Doniabiq's Distillery.
   718 | D:2      | Gained mutation: You regenerate magic rapidly. [demonic
                  | ancestry]
   718 | D:2      | Reached XP level 3. HP: 29/29 MP: 3/3
   884 | D:2      | Reached skill level 1 in Dodging
  1025 | D:2      | Found a faded altar of an unknown god.
  1387 | D:3      | Noticed Robin
  1419 | D:3      | Killed Robin
  1420 | D:3      | Gained mutation: Spells you cast may paralyse adjacent
                  | enemies. [demonic ancestry]
  1420 | D:3      | Reached XP level 4. HP: 32/36 MP: 4/4
  1559 | D:3      | Noticed Jessica
  1564 | D:3      | Killed Jessica
  1565 | D:3      | Reached skill level 4 in Fighting
  1689 | D:3      | Found a faded altar of an unknown god.
  1695 | D:3      | You fall into a shaft and drop 3 floors!
  1698 | D:6      | Noticed a steam dragon
  1703 | D:6      | Noticed an ice beast
  1765 | D:7      | Found Comaddai's Distillery.
  1848 | D:7      | Reached XP level 5. HP: 12/42 MP: 5/5
  1987 | D:8      | Noticed Pikel
  1987 | D:8      | Noticed a lemure
  1987 | D:8      | Noticed a lemure
  1990 | D:7      | Noticed an ogre
  1998 | D:7      | Slain by a burial acolyte

Illustrated notes

Levels and vault maps discovered:
D:1:      pf_arrival_petrified_forest, layout_rooms
D:2:      layout_loops_ring, serial_shops, shop, nicolae_ecumenical_lake_church
D:3:      layout_basic, nicolae_overflow_ecumenical_swirl, serial_corexii_hall,
          corexii_hall_statues_i, chequers_hall_statues_wall_a,
          corexii_hall_statues_l, corexii_hall_statues_i, uniq_jessica,
          uniq_robin
D:6:      nicolae_cairo_tiling_large_dashed, layout_basic
D:7:      layout_rooms, mainiacjoe_overflow_alcove_1, tgw_kikubaaqudgha,
          serial_shops, nicolae_shop_stone, serial_bayou_crossing
D:8:      layout_cave_pools, uniq_pikel

Skill      XL: |  1  2  3  4  5 |
---------------+----------------+-----
Axes           | 2 3 |  3.0
Shields        | 3 |  3.0
Armour         | 3 |  3.6
Dodging        | 1 |  1.0
Fighting       | 4 |  4.6

Action                     |  1- 3 |  4- 6 || total
---------------------------+-------+-------++-------
  Melee: War axe           |   121 |    47 ||   168
         Tailslap          |     9 |     3 ||    12
    Use: Scroll            |       |     3 ||     3
 Armour: Scale mail        |    83 |    54 ||   137
  Dodge: Dodged            |    67 |    24 ||    91
  Block: Buckler           |    41 |    14 ||    55
